 Dungeon Crawl Stone Soup version 0.27.1 (console) character file.

Game seed: 6761667704279958156

23195 thromnambular the Spear-Bearer (level 13, -1/86 HPs)
             Began as a Tengu Wanderer on Sept 4, 2021.
             Was a High Priest of Qazlal.
             Slain by an earth elemental (15 damage)
             ... in a volcano.
             The game lasted 00:46:08 (16011 turns).

thromnambular the Spear-Bearer (Tengu Wanderer)    Turns: 16011, Time: 00:46:09

Health: -1/86      AC: 27    Str: 23    XL:     13   Next: 5%
Magic:  0/18       EV:  7    Int: 17    God:    Qazlal [*****.]
Gold:   847        SH:  6    Dex: 17    Spells: 13/16 levels left

rFire    + . .     SeeInvis +   a - +6 halberd
rCold    + . .     Faith    .   (shield currently unavailable)
rNeg     + . .     Spirit   +   r - +2 gold dragon scales
rPois    +         Reflect  .   m - +2 hat
rElec    .         Harm     .   t - +0 cloak
rCorr    .         Rampage  .   b - +2 pair of gloves {Str+3}
Will     .....                  (boots unavailable)
Stlth    ..........             j - amulet of guardian spirit
HPRegen  0.24/turn              o - ring "Usuotoz" {+Blink rN+ Str+4 SInv}
MPRegen  0.16/turn              q - +6 ring of dexterity

@: flying quickly and evasively, repel missiles, quick
A: beak, talons 3, nimble flight
a: Renounce Religion, Evoke Blink, Upheaval, Elemental Force, Disaster Area


You were in a volcano.
You worshipped Qazlal.
Qazlal was extremely pleased with you.
You visited 2 branches of the dungeon, and saw 14 of its levels.
You also visited: Gauntlet and Volcano.

You collected 847 gold pieces.

Inventory:

Hand Weapons
 a - a +6 halberd (weapon)
 D - a +0 glaive
Missiles
 f - 7 poisoned darts
 v - a curare-tipped dart
 C - 3 silver boomerangs (quivered)
 M - 12 javelins
Armour
 b - a +2 pair of gloves of strength (worn)
 m - a +2 hat (worn)
 r - +2 gold dragon scales (worn)
 t - a +0 cloak (worn)
 L - a +1 buckler of poison resistance
Jewellery
 h - a ring of magical power
 j - an amulet of guardian spirit (around neck)
 k - a +6 ring of intelligence
 o - the ring "Usuotoz" (left hand) {+Blink rN+ Str+4 SInv}
   (You took it off a minotaur in a Gauntlet)

   [ring of positive energy]

   Str:       It affects your strength (+4).
   rN:        It protects you from negative energy.
   SInv:      It lets you see invisible.
   +Blink:    It lets you blink.
 q - a +6 ring of dexterity (right hand)
 I - a ring of see invisible
Wands
 w - a wand of polymorph (15)
 y - a wand of flame (44)
 H - a wand of paralysis (6)
Scrolls
 c - 7 scrolls of amnesia
 l - 2 scrolls of immolation
 s - 8 scrolls of teleportation
 x - 3 scrolls of fog
 z - a scroll of blinking
 E - a scroll of silence
 G - 3 scrolls of identify
Potions
 e - 6 potions of curing
 g - 2 potions of haste
 i - 2 potions of might
 p - 2 potions of magic
 u - a potion of mutation
 B - a potion of ambrosia
 J - a potion of berserk rage
 K - a potion of brilliance
Miscellaneous
 F - a box of beasts (inert)
 N - a condenser vane


   Skills:
 * Level 12.1 Fighting
 * Level 12.3 Polearms
 - Level 1.0 Throwing
 * Level 12.2 Armour
 - Level 2.2 Dodging
 - Level 2.0 Stealth
 - Level 2.0 Spellcasting
 - Level 1.0 Transmutations
 + Level 5.8 Invocations
 - Level 4.5 Evocations


You had 13 spell levels left.
You knew the following spells:

 Your Spells              Type           Power      Damage    Failure   Level
a - Sandblast             Erth           2%         2d4       100%        1
b - Passwall              Tmut/Erth      2%         N/A       100%        2

Your spell library contained the following spells:

 Spells                   Type           Power      Damage    Failure   Level
 Animate Skeleton         Necr           2%         N/A       100%        1
 Pain                     Necr           4%         1d4       100%        1
 Slow                     Hex            1%         N/A       100%        2
 Static Discharge         Conj/Air       1%         N/A       100%        2
 Call Canine Familiar     Summ           1%         N/A       100%        3
 Confusing Touch          Hex            1%         N/A       100%        3
 Gell's Gravitas          Tloc           0%         N/A       100%        3
 Portal Projectile        Hex/Tloc       2%         N/A       100%        3
 Stone Arrow              Conj/Erth      2%         3d7       100%        3
 Teleport Other           Tloc           1%         N/A       100%        3
 Vampiric Draining        Necr           0%         2d6       100%        3
 Dispel Undead            Necr           1%         3d6       100%        4
 Leda's Liquefaction      Hex/Erth       0%         N/A       100%        4
 Petrify                  Tmut/Erth      3%         N/A       100%        4
 Sticky Flame             Conj/Fire      1%         2d3       100%        4
 Summon Ice Beast         Ice/Summ       1%         N/A       100%        4
 Summon Mana Viper        Hex/Summ       1%         N/A       100%        5
 Yara's Violent Unravell  Hex/Tmut       1%         3d3       100%        5
 Dispersal                Tloc           0%         N/A       100%        6
 Monstrous Menagerie      Summ           0%         N/A       100%        7


Dungeon Overview and Level Annotations

Branches:
Dungeon (11/15)            Temple (0/1) D:4            Lair (3/6) D:11
    Orc (0/2) D:9         Volcano (1/1)             Gauntlet (visited)
  Swamp: Lair:2-4    Shoals: Lair:2-4     Snake: Lair:2-4    Spider: Lair:2-4

Altars:
Ashenzari
Makhleb
Qazlal
Ru
Sif Muna
Uskayaw
Xom
Beogh

Shops:
D:5 [

Portals:
Abyss: D:8

Annotations:
D:3 exclusion: door
D:8 2 transporters, garrulousMonolith's ghost, amateur GnTm


Innate Abilities, Weirdness & Mutations

You have a beak for a mouth.
You have claws for feet.
Your magical nature lets you fly swiftly and evasively.


Message History

The stone giant hits your air elemental!!
Your air elemental is destroyed!
Your air elemental hits the stone giant but does no damage.
Your air elemental fires a burst of electricity at the stone giant.
The stunning burst hits the stone giant!
The stone giant is paralysed.
Reach: a) +6 halberd
Press: ? - help, Dir - move target, f/p - stone giant
Aim: a stone giant, quivering large rocks (moderately wounded, paralysed, ally target, about 2% to evade your +6 halberd)
You reach to attack!
The helpless stone giant fails to defend itself.
You slash the stone giant!
The stone giant is moderately wounded.
The stone giant is no longer paralysed.
Your air elemental fires a burst of electricity at the stone giant.
The stunning burst hits the stone giant.
The stone giant is paralysed.
Your air elemental hits the stone giant.
You block the earth elemental's attack.
Reach: a) +6 halberd
Press: ? - help, Dir - move target, f/p - stone giant
Aim: a stone giant, quivering large rocks (moderately wounded, paralysed, ally target, about 2% to evade your +6 halberd)
You could not reach far enough!
The stone giant is no longer paralysed.
Your air elemental fires a burst of electricity at the stone giant.
The stunning burst hits the stone giant but does no damage.
The stone giant is paralysed.
Your air elemental hits the stone giant!
Reach: a) +6 halberd
Press: ? - help, Dir - move target, f/p - stone giant
Aim: a stone giant, quivering large rocks (heavily wounded, paralysed, ally target, about 2% to evade your +6 halberd)
You could not reach far enough!
Your air elemental disappears in a puff of smoke!
The stone giant is no longer paralysed.
The earth elemental hits you but does no damage.
Okay, then.
Unknown command.
The stone giant throws a large rock.
The large rock hits you!!!
* * * LOW HITPOINT WARNING * * *
The earth elemental hits you!
You die...

≈≈§§§§§≈≈§≈≈≈§§≈≈≈≈≈≈≈≈≈≈≈≈≈§≈§§≈
§§§§≈§≈§§§≈≈§≈≈≈≈≈≈≈≈≈≈≈≈≈≈≈≈≈≈≈≈
≈≈§§≈§≈≈§≈≈≈§≈≈§≈§≈≈≈≈≈≈≈≈≈≈§§≈≈§
≈§§§§≈§§≈≈≈≈≈≈§≈§≈§≈§≈§≈≈§≈≈§≈≈≈≈
≈§≈§.≈≈§.≈≈≈≈≈.≈≈≈≈§§≈≈§≈≈§§§≈≈≈≈
≈≈§.......9.9......§≈§≈§≈≈§≈≈≈≈≈≈
≈.#################.≈≈§≈≈≈≈°≈≈≈≈≈
..#....'.....'....#.§§§≈≈≈§≈≈≈≈≈≈
§.#.∩..#.8_8.#C.@○#.§§≈≈§§≈≈≈≈≈≈≈
≈.#....#.....#.E..#.§≈≈§§§≈≈≈§§≈§
≈.###''###'###°§###..§≈≈§§≈≈≈≈§≈§
≈.#......#C#......#.≈§≈≈≈§≈≈≈≈≈§≈
§.######.#.#.######.≈≈≈§≈≈≈≈≈≈≈≈≈
§.#..).#.#C#. #.≈≈≈≈≈≈§≈≈≈≈§§
≈.#....#.#.# #.≈≈≈≈≈≈§§≈≈≈§§
≈§#..[!#)#.# #§≈≈≈≈≈≈§§≈≈≈≈§
≈.#......#.# #§≈≈≈≈≈≈§§≈≈§§§


You could see a stone giant and an earth elemental.

Vanquished Creatures
  A minotaur (Gauntlet)
  3 hydras
  Erica (D:9)
  A two-headed ogre (D:9)
  A tengu warrior (Gauntlet)
  An ugly thing (D:7)
  A cyclops (D:8)
  A manticore (D:11)
  A centaur zombie (D:11)
  Joseph (D:10)
  A molten gargoyle (Volcano)
  2 unseen horrors (D:11)
  A gargoyle (Volcano)
  4 cane toads
  A komodo dragon (Lair:2)
  2 rime drakes
  A kobold demonologist (D:7)
  A tengu conjurer (Gauntlet)
  4 trolls
  5 blink frogs (Lair:2)
  A slime creature (D:6)
  Sigmund (D:5)
  A vampire (D:10)
  2 wyverns
  A shadow (D:11)
  10 yaks
  A fire elemental (Volcano)
  3 wraiths
  2 fire bats (Volcano)
  8 water moccasins
  5 acid dragons
  9 orc warriors
  A hornet zombie (D:7)
  5 ice beasts
  A sky beast (D:6)
  4 black bears
  A necrophage (D:5)
  3 ogres
  3 centaurs
  A phantom (D:5)
  10 bullfrogs
  2 kobold brigands
  3 scorpions
  An earth elemental (Volcano)
  A water moccasin zombie (D:5)
  15 killer bees
  15 wights
  4 howler monkeys
  2 electric eels (Lair:1)
  A bullfrog zombie (D:5)
  7 lava snakes (Volcano)
  4 hounds
  2 jellies
  7 orc priests
  3 iron imps (D:3)
  4 iguanas
  13 orc wizards
  3 hound skeletons
  2 howler monkey zombies
  8 adders
  3 white imps
  4 ufetubi
  2 adder skeletons
  3 worms
  4 dart slugs
  96 orcs
  7 ball pythons
  10 endoplasms
  5 giant cockroaches
  6 goblins
  3 hobgoblins
  8 jackals
  5 quokkas
  9 bats
  2 frilled lizards (D:2)
  12 kobolds
  10 rats
393 creatures vanquished.

Vanquished Creatures (collateral kills)
  A deep elf pyromancer (D:10)
  A cane toad (Lair:1)
2 creatures vanquished.

Vanquished Creatures (others)
  An orc wizard (D:3)
  10 fungi
  19 plants
30 creatures vanquished.

Grand Total: 425 creatures vanquished

Notes
Turn   | Place    | Note
-------+----------+-------------------------------------------
     0 | D:1      | thromnambular the Tengu Wanderer began the quest for the
                  | Orb.
     0 | D:1      | thromnambular set off with the following items: a +0 spear,
                  | a potion of lignification, a +0 robe, a +0 dagger; and the
                  | following spell memorised: Sandblast; and the following
                  | spells available to memorise: Passwall, Stone Arrow,
                  | Petrify
     0 | D:1      | Reached XP level 1. HP: 15/15 MP: 4/4
   231 | D:1      | Reached XP level 2. HP: 18/20 MP: 6/6
   273 | D:1      | Reached skill level 1 in Dodging
   278 | D:1      | Reached skill level 1 in Polearms
   569 | D:1      | Reached XP level 3. HP: 24/24 MP: 7/7
  1220 | D:1      | Found a faded altar of an unknown god.
  1332 | D:1      | Became a worshipper of Qazlal Stormbringer
  1332 | D:1      | Reached * piety under Qazlal
  1711 | D:2      | Reached XP level 4. HP: 30/30 MP: 8/8
  2177 | D:2      | Reached ** piety under Qazlal
  2178 | D:2      | Reached skill level 1 in Armour
  2619 | D:3      | Gained mutation: Your magical nature lets you fly swiftly
                  | and evasively. [Tengu growth]
  2619 | D:3      | Reached XP level 5. HP: 31/34 MP: 9/9
  2652 | D:3      | Found a shimmering blue altar of Sif Muna.
  2826 | D:3      | Noticed an ice beast
  2881 | D:3      | Noticed a water moccasin
  3292 | D:3      | Killed an ice beast
  3293 | D:3      | Reached skill level 5 in Fighting
  3293 | D:3      | Reached XP level 6. HP: 40/40 MP: 10/10
  3403 | D:3      | Identified a scroll of acquirement
  3403 | D:3      | Acquired a +2 pair of gloves of strength
  3420 | D:3      | Killed a water moccasin
  3421 | D:3      | Reached skill level 1 in Invocations
  3581 | D:3      | Learned a level 2 spell: Passwall
  3591 | D:3      | Found a burning altar of Makhleb.
  3639 | D:3      | Reached XP level 7. HP: 43/44 MP: 11/11
  4681 | D:4      | Reached *** piety under Qazlal
  4855 | D:4      | Reached XP level 8. HP: 28/51 MP: 11/12
  4859 | D:4      | Reached skill level 5 in Polearms
  5191 | D:4      | Found a staircase to the Ecumenical Temple.
  5791 | D:5      | Entered Level 5 of the Dungeon
  5870 | D:5      | Found Vunegeesk's Antique Armour Shoppe.
  5889 | D:5      | Reached skill level 5 in Armour
  6005 | D:5      | Noticed Sigmund
  6037 | D:5      | Killed Sigmund
  6163 | D:5      | Reached XP level 9. HP: 57/57 MP: 13/13
  6555 | D:6      | Identified the +0 scale mail "Nosahuidgh" {rElec rF+ MP-9
                  | SInv}
  7342 | D:7      | Found a shimmering altar of Xom.
  7375 | D:7      | Noticed a troll
  7623 | D:7      | Noticed a kobold demonologist
  7635 | D:7      | Noticed a sixfirhy
  7641 | D:7      | Noticed a red devil
  7642 | D:7      | Killed a kobold demonologist
  7645 | D:7      | Noticed a red ugly thing
  8154 | D:7      | Killed a troll
  8155 | D:7      | Reached XP level 10. HP: 48/65 MP: 14/14
  8332 | D:7      | Killed a red ugly thing
  9519 | D:8      | Noticed a worldbinder
  9570 | D:8      | Noticed a toenail golem
  9571 | D:8      | Found a transporter.
  9572 | D:8      | Found a one-way gate to the infinite horrors of the Abyss.
  9572 | D:8      | Noticed garrulousMonolith's ghost (amateur GnTm)
  9610 | D:8      | Found a transporter.
  9714 | D:8      | Noticed a cyclops
  9726 | D:8      | Killed a cyclops
  9727 | D:8      | Reached skill level 5 in Invocations
  9908 | D:8      | Reached **** piety under Qazlal
  9992 | D:8      | Found a sacrificial altar of Ru.
 10258 | D:8      | Reached skill level 1 in Evocations
 10258 | D:8      | Reached XP level 11. HP: 47/72 MP: 15/15
 10536 | D:9      | Noticed a two-headed ogre
 10553 | D:9      | Killed a two-headed ogre
 10564 | D:9      | Reached skill level 10 in Fighting
 10629 | D:9      | Noticed Erica
 10641 | D:9      | Killed Erica
 10642 | D:9      | Reached skill level 10 in Polearms
 10870 | D:9      | Reached ***** piety under Qazlal
 11008 | D:9      | Found a staircase to the Orcish Mines.
 11089 | D:9      | Reached skill level 10 in Armour
 11317 | D:10     | Entered Level 10 of the Dungeon
 11720 | D:10     | Found a broken altar of Ashenzari.
 11835 | D:10     | Noticed Joseph
 11850 | D:10     | Killed Joseph
 11978 | D:10     | Noticed a deep elf pyromancer
 11985 | D:10     | Killed a deep elf pyromancer
 12135 | D:10     | Noticed a +0 dagger
 12135 | D:10     | Noticed a +0 dagger
 12138 | D:10     | Found a hide-covered altar of Uskayaw.
 12547 | D:11     | Noticed a manticore
 12559 | D:11     | Killed a manticore
 12846 | D:11     | Reached XP level 12. HP: 76/79 MP: 16/16
 13299 | D:11     | Found a staircase to the Lair.
 13310 | Lair:1   | Entered Level 1 of the Lair of Beasts
 13322 | Lair:1   | Noticed an eight-headed hydra
 13328 | Lair:1   | Killed an eight-headed hydra
 13607 | Lair:1   | Noticed a four-headed hydra
 13616 | Lair:1   | Killed a seven-headed hydra
 14162 | Lair:2   | Found a gate leading to a gauntlet.
 14169 | Gauntlet | Entered a Gauntlet
 14169 | Gauntlet | Found a transporter.
 14169 | Gauntlet | Found a transporter.
 14173 | Gauntlet | Found a transporter.
 14173 | Gauntlet | Found a transporter.
 14189 | Gauntlet | Found a transporter.
 14350 | Gauntlet | Found a transporter.
 14355 | Gauntlet | Noticed a tengu warrior
 14379 | Gauntlet | Found a transporter.
 14386 | Gauntlet | Killed a tengu warrior
 14422 | Gauntlet | Found a transporter.
 14424 | Gauntlet | Noticed a wretched star
 14426 | Gauntlet | Found a transporter.
 14452 | Gauntlet | Found a transporter.
 14455 | Gauntlet | Found a transporter.
 14456 | Gauntlet | Noticed a cacodemon
 14473 | Gauntlet | Identified the ring "Usuotoz" {+Blink rN+ Str+4 SInv}
 14473 | Gauntlet | Noticed a minotaur
 14490 | Gauntlet | Killed a minotaur
 15407 | Lair:3   | Noticed a six-headed hydra
 15415 | Lair:3   | Killed a seven-headed hydra
 15523 | Lair:3   | Found a dark tunnel.
 15532 | Volcano  | Entered a volcano
 15645 | Volcano  | Reached XP level 13. HP: 86/86 MP: 18/18
 15812 | Volcano  | Found a bloodstained altar of Trog.
 15829 | Volcano  | Noticed a stone giant
 16011 | Volcano  | Slain by an earth elemental

Illustrated notes

Levels and vault maps discovered:
D:1:      minmay_arrival_diagonal_passages, layout_rooms,
          hellmonk_ecumenical_altar_crossroads
D:2:      minmay_diamond_boxcup, layout_loops_ring, patterned_corridor
D:3:      layout_basic, led_sif_book, demons_altar, st_stairs_11
D:4:      minmay_general_purpose_star, layout_layer_cave,
          minmay_temple_entry_overgrown
D:5:      layout_gridville, serial_shops, shop_statue, uniq_sigmund
D:6:      layout_loops_corners, minmay_quadrilaterals
D:7:      layout_cave_pools, xom_teletrap_fun, minmay_the_grid_2x2
          [minmay_the_grid_minigrid_medium, minmay_the_grid_minigrid_small,
          minmay_the_grid_all_tris, minmay_the_grid_prize_big_room]
D:8:      layout_loops_corners, nicolae_ru_awakened_eye,
          gammafunk_ghost_abyssal_escape
D:9:      layout_roguey [special_room_orc], hiddenorc2_lemuel,
          chequers_mini_garden, uniq_erica
D:10:     layout_gridville, ashenzari_conservatory_becter,
          dancing_weapons_uskayaw, uniq_joseph
D:11:     layout_basic, grunt_lair_entry_orc_guard_hut, serial_shops, shop
Lair:1:   layout_long_grid, serial_bayou, serial_bayou_shore_a,
          serial_bayou_lagoon_b, serial_bayou_pond_d, serial_bayou_shore_b,
          grunt_megastairs_3
Lair:2:   layout_loops_ring, gauntlet_entry_generic, grunt_megastairs_2
Lair:3:   layout_gridlike, nzn_ghost_randoct, nicolae_volcano_entry_lava_flow
Volcano:  volcano_lake [vl_original]

Skill      XL: |  1  2  3  4  5  6  7  8  9 10 11 12 |
---------------+-------------------------------------+-----
Dodging        | 1 2 |  2.2
Polearms       | 1 2 3 4 6 8 9 11 12 | 12.3
Armour         | 1 2 3 4 6 7 9 10 12 | 12.2
Fighting       | 5 6 7 8 9 10 12 | 12.1
Invocations    | 1 2 3 4 5 |  5.8
Evocations     | 1 3 4 |  4.5
Throwing       | |  1.0
Stealth        | |  2.0
Spellcasting   | |  2.0
Transmutations | |  1.0

Action                   |  1- 3 |  4- 6 |  7- 9 | 10-12 | 13-15 || total
-------------------------+-------+-------+-------+-------+-------++-------
Melee: Spear             |    88 |       |       |       |       ||    88
       Peck              |    11 |    13 |    47 |   104 |    11 ||   186
       Kick              |     7 |    30 |    75 |   167 |    12 ||   291
       Trident           |    11 |   180 |    77 |       |       ||   268
       Halberd           |       |       |   191 |   666 |    22 ||   879
Throw: Dart              |    15 |    11 |    25 |    24 |       ||    75
       Stone             |       |       |     5 |     5 |       ||    10
 Cast: Sandblast         |     5 |       |       |       |       ||     5
Invok: Upheaval          |       |       |     3 |     1 |     1 ||     5
       Elemental Force   |       |       |       |     1 |     3 ||     4
Evoke: Wand              |       |       |       |    15 |       ||    15
       Box of beasts     |       |       |       |     2 |       ||     2
  Use: Scroll            |       |     7 |     4 |    19 |     2 ||    32
       Potion            |       |     1 |       |     6 |     5 ||    12
 Stab: Sleeping          |     2 |       |       |       |       ||     2
       Invisible         |       |       |       |     4 |       ||     4
       Paralysed         |       |       |       |     1 |     1 ||     2
Armor: Robe              |    16 |     2 |       |       |       ||    18
       Gold dragon scale |       |    99 |   211 |   415 |    12 ||   737
       Skin              |       |    32 |       |       |       ||    32
Dodge: Dodged            |    55 |    18 |    27 |   102 |     5 ||   207
       Repelled          |       |       |       |     6 |       ||     6
Block: Other             |       |    12 |    51 |   149 |     9 ||   221
